 Dungeon Crawl Stone Soup version 0.28.0-45-g0d030f2227 (webtiles) character file.

Game seed: 17406094539872755369

2239 ZappyNine the Covered (level 9, -1/54 HPs)
             Began as a Gargoyle Earth Elementalist on Apr 21, 2022.
             Was a Follower of Vehumet.
             Slain by a yak (8 damage)
             ... on level 6 of the Dungeon on Apr 22, 2022.
             The game lasted 00:11:48 (6991 turns).

ZappyNine the Covered (Gargoyle Earth Elementalist) Turns: 6991, Time: 00:11:48

Health: -1/54      AC: 23    Str: 12    XL:     9   Next: 36%
Magic:  3/16       EV: 10    Int: 26    God:    Vehumet [*.....]
Gold:   229        SH:  0    Dex: 10    Spells: 14/18 levels left

rFire   . . .      SeeInvis .   r - +2 quarterstaff (chaos)
rCold   . . .      Faith    .   (shield currently unavailable)
rNeg    + + .      Spirit   .   v - +9 ring mail "Dacaafoleg" {rN+}
rPois   ∞          Reflect  .   (no helmet)
rElec   +          Harm     .   s - +0 cloak
rCorr   .          Rampage  .   (no gloves)
Will    .....                   (no boots)
Stlth   +.........              (no amulet)
HPRegen 0.18/turn               e - +6 ring of intelligence
MPRegen 0.15/turn               t - ring of wizardry

@: no status effects
A: sickness immunity, AC +6, negative energy resistance 1, electricity
resistance, torment resistance 1, petrification resistance
a: Renounce Religion


You were on level 6 of the Dungeon.
You worshipped Vehumet.
Vehumet was aware of your devotion.
You visited 2 branches of the dungeon, and saw 7 of its levels.

You collected 229 gold pieces.

Inventory:

Hand Weapons
 r - a +2 quarterstaff of chaos (weapon)
Missiles
 c - 223 stones
Armour
 b - a +0 robe
 s - a +0 cloak (worn)
 v - the +9 ring mail "Dacaafoleg" (worn) {rN+}
   (You found it on level 4 of the Dungeon)

   rN:        It protects you from negative energy.
Jewellery
 e - a +6 ring of intelligence (left hand)
 l - a ring of positive energy
 t - a ring of wizardry (right hand)
 y - a ring of willpower
Wands
 m - a wand of digging (1)
Scrolls
 a - 2 scrolls of identify {unknown}
 d - 4 scrolls of teleportation {unknown}
 g - a scroll of holy word {unknown}
 h - 2 scrolls of immolation {unknown}
 i - a scroll of acquirement {unknown}
 j - 4 scrolls of blinking {unknown}
 n - 2 scrolls of enchant weapon {unknown}
 p - a scroll of fear {unknown}
 u - 4 scrolls of amnesia {unknown}
 w - a scroll of vulnerability {unknown}
 x - a scroll of enchant armour {unknown}
Potions
 f - a potion of might {unknown}
 k - 2 potions of brilliance {unknown}
 o - 3 potions of mutation {unknown}
 q - 2 potions of curing {unknown}


   Skills:
 + Level 5.4 Fighting
 - Level 7.7 Armour
 - Level 2.0 Dodging
 - Level 2.1 Stealth
 + Level 5.0 Spellcasting
 + Level 5.0 Conjurations
 - Level 1.3 Transmutations
 - Level 6.1 Earth Magic


You had 14 spell levels left.
You knew the following spells:

 Your Spells              Type           Power      Damage    Failure   Level
a - Sandblast             Erth           76%        2d16      1%          1
b - Stone Arrow           Conj/Erth      70%        3d11      1%          3

Your spell library contained the following spells:

 Spells                   Type           Power      Damage    Failure   Level
 Freeze                   Ice            24%        1d5       6%          1
 Passwall                 Tmut/Erth      20%        N/A       1%          2
 Petrify                  Tmut/Erth      25%        N/A       13%         4
 Frozen Ramparts          Ice            12%        1d3       17%         3
 Portal Projectile        Hex/Tloc       12%        N/A       17%         3
 Ice Form                 Ice/Tmut       9%         N/A       41%         4
 Animate Dead             Necr           3%         N/A       50%         4
 Summon Ice Beast         Ice/Summ       6%         N/A       50%         4
 Blade Hands              Tmut           6%         N/A       65%         5
 Excruciating Wounds      Necr           3%         N/A       82%         5
 Haunt                    Necr/Summ      3%         N/A       100%        7
 Infestation              Necr           3%         N/A       100%        8


Dungeon Overview and Level Annotations

Branches:
Dungeon (6/15)             Temple (1/1) D:4

Altars:
Ashenzari
Cheibriados
Dithmenos
Elyvilon
Fedhas
Gozag
Kikubaaqudgha
Makhleb
Nemelex Xobeh
Okawaru
Qazlal
Ru
Sif Muna
Trog
Vehumet
Wu Jian
Xom
Yredelemnul
Zin
The Shining One

Shops:
D:4 =


Innate Abilities, Weirdness & Mutations

You are immune to sickness and miasma.
Your stone body is resilient. (AC +6)
You are immune to poison.
You resist negative energy. (rN+)
You are resistant to electric shocks. (rElec)
You are resistant to unholy torment.
You are immune to petrification.


Message History

Press: ? - help, Shift-Dir - straight line, f/p - yak
Aim: a yak (lightly wounded, 84% to hit)
The stone arrow misses the yak.
The stone arrow hits the yak!
The yak is almost dead.
The yak gores you but does no damage.
Unknown command.
Unknown command.
You hit the yak.
The yak is lightly wounded.
The yak closely misses you.
You hit the yak.
The yak is moderately wounded.
The yak gores you but does no damage. The yak gores you!
You hit the yak.
The yak flickers and vanishes!
Deactivating autopickup; reactivate with Ctrl-A.
Something gores you but does no damage.
You barely miss something. Something gores you but does no damage.
You sock something! Something gores you! x2
You sock something!
You feel better.
The yak rages.
Something gores you.
You sock something! Vehumet accepts your kill.
Reactivating autopickup.
You feel a bit more experienced. The yak gores you!
* * * LOW HITPOINT WARNING * * *
You hit the yak. You freeze the yak.
The yak is almost dead.
The yak barely misses you. The yak closely misses you.
You hit the yak.
You kill the yak!
Vehumet accepts your kill.
Your Spellcasting skill increases to level 5!
Your Conjurations skill increases to level 5!
Unknown command.
You hit the yak but do no damage.
The yak is moving more slowly.
The yak gores you.
* * * LOW HITPOINT WARNING * * *
The yak gores you!
You die...

#.######.#. ##.# ##.#.#
#########.)#####..#..##
#.........)).....###...
#.######......##.#####.
#.# ###......#........
#.# #Y....Y..#..[.....
#.# #Y#)..5.....####..
#.####@##..##....##....
#.#....#...#..##.......
#.#.######.#.......###.
#.#....(.#.......######
#.######.#.........#..
#.# ##.........#.#.#
#.#####...#......#.#.#
#....##..##......#...#
##..........†.##.######


You could see 2 yaks.

Vanquished Creatures
  A shadow (D:5)
  3 yaks (D:6)
  A sky beast (D:5)
  A black bear (D:4)
  An ogre (D:4)
  2 phantoms
  A scorpion (D:6)
  A water moccasin zombie (D:5)
  A wyvern skeleton (D:5)
  2 jellies (D:5)
  A water moccasin skeleton (D:5)
  2 howler monkeys (D:5)
  2 bullfrog zombies (D:5)
  3 centaur zombies
  Crazy Yiuf (D:3)
  5 hounds
  An orc priest (D:4)
  3 iguanas (D:5)
  3 bullfrog skeletons
  An orc wizard (D:4)
  A scorpion zombie (D:5)
  2 killer bee zombies
  A hound zombie (D:5)
  2 hound skeletons (D:4)
  A howler monkey zombie (D:5)
  8 gnolls
  3 adders
  A shadow imp (D:6)
  2 white imps
  An ufetubus (D:5)
  2 dart slugs
  4 orcs
  5 ball pythons
  5 bats
  5 endoplasms
  7 giant cockroaches
  5 goblins
  9 hobgoblins
  9 kobolds
  A quokka (D:1)
  A frilled lizard (D:2)
  2 rats (D:1)
113 creatures vanquished.

Vanquished Creatures (others)
  3 withered plants (D:5)
3 creatures vanquished.

Grand Total: 116 creatures vanquished

Notes
Turn   | Place    | Note
-------+----------+-------------------------------------------
     0 | D:1      | ZappyNine the Gargoyle Earth Elementalist began the quest
                  | for the Orb.
     0 | D:1      | Reached XP level 1. HP: 10/10 MP: 3/3
   146 | D:1      | Reached skill level 1 in Transmutations
   171 | D:1      | Reached XP level 2. HP: 9/15 MP: 1/5
   740 | D:1      | Reached XP level 3. HP: 18/19 MP: 6/6
   810 | D:1      | Learned a level 3 spell: Stone Arrow
  1434 | D:2      | Found a faded altar of an unknown god.
  2260 | D:3      | Reached skill level 1 in Conjurations
  2260 | D:3      | Reached XP level 4. HP: 7/24 MP: 5/8
  2679 | D:3      | Noticed an air elemental
  2680 | D:3      | Found a stormy altar of Qazlal.
  2685 | D:3      | Noticed an earth elemental
  2689 | D:3      | Noticed a fire elemental
  2689 | D:3      | Noticed a water elemental
  2888 | D:3      | Found a runed translucent door.
  2889 | D:3      | Noticed Crazy Yiuf
  3051 | D:3      | Killed Crazy Yiuf
  3052 | D:3      | Reached XP level 5. HP: 8/28 MP: 1/9
  3291 | D:4      | Found Kixtuak's Jewellery Shop.
  3295 | D:4      | Noticed a phantom
  3566 | D:4      | Reached skill level 5 in Earth Magic
  3675 | D:4      | Noticed a black bear
  3682 | D:4      | Killed a black bear
  3683 | D:4      | Reached XP level 6. HP: 20/32 MP: 11/11
  3942 | D:4      | Reached XP level 7. HP: 36/36 MP: 6/13
  4419 | D:4      | Found a staircase to the Ecumenical Temple.
  4549 | Temple   | Entered the Ecumenical Temple
  4787 | Temple   | Became a worshipper of Vehumet
  4893 | D:4      | Identified the +9 ring mail "Dacaafoleg" {rN+}
  5001 | D:5      | Entered Level 5 of the Dungeon
  5016 | D:5      | Reached skill level 1 in Armour
  5083 | D:5      | Reached skill level 2 in Armour
  5121 | D:5      | Reached skill level 3 in Armour
  5305 | D:5      | Reached skill level 4 in Armour
  5639 | D:5      | Reached skill level 5 in Armour
  5639 | D:5      | Reached XP level 8. HP: 12/41 MP: 12/14
  5977 | D:5      | Noticed a shadow
  6011 | D:5      | Reached skill level 6 in Armour
  6032 | D:5      | Killed a shadow
  6033 | D:5      | Reached skill level 7 in Armour
  6224 | D:5      | Reached skill level 1 in Fighting
  6241 | D:5      | Reached * piety under Vehumet
  6241 | D:5      | Offered knowledge of Freeze by Vehumet.
  6555 | D:6      | Reached XP level 9. HP: 28/52 MP: 1/15
  6977 | D:6      | Reached skill level 5 in Fighting
  6991 | D:6      | Reached skill level 5 in Spellcasting
  6991 | D:6      | Reached skill level 5 in Conjurations
  6991 | D:6      | Slain by a yak

Illustrated notes

Levels and vault maps discovered:
D:1:      lemuel_arrival_room, layout_loops_ring, chequers_arboretum,
          minmay_misc_feat_columns, grunt_decor_resistance
D:2:      cheibrodos_old_hovel, layout_basic, dreamdust_ecumenical_altar_statues
D:3:      layout_basic, nicolae_qazlal_style_of_elements,
          uniq_crazy_yiuf_cottage
D:4:      layout_basic, minmay_temple_entry_proselytizer, nicolae_stop_n_shop_1,
          minmay_misc_feat_iff
D:5:      minmay_clustersquares, layout_basic, serial_undead, serial_undead_b,
          serial_undead_c, serial_undead_d, serial_undead_b
D:6:      layout_rooms, serial_co_window_serial, co_window_corner_a,
          co_window_paths_a, co_window_corner_a, co_window_of_opportunity_a,
          co_window_paths_a, co_window_of_opportunity_a,
          co_window_of_opportunity_a, co_window_unsneaky_path_d,
          co_window_2corner, co_window_unsneaky_path_e, co_window_paths_c,
          co_window_paths_d, glass_columns_a, uniq_blork_the_orc, uniq_pikel
Temple:   mainiacjoe_temple_bowtie_tessellation

Skill      XL: |  1  2  3  4  5  6  7  8  9 |
---------------+----------------------------+-----
Transmutations | 1 |  1.3
Earth Magic    | 4 5 6 |  6.1
Dodging        | 2 |  2.0
Conjurations   | 1 2 3 5 |  5.0
Spellcasting   | 3 4 5 |  5.0
Armour         | 5 7 |  7.7
Fighting       | 4 5 |  5.4
Stealth        | |  2.1

Action                   |  1- 3 |  4- 6 |  7- 9 || total
-------------------------+-------+-------+-------++-------
Melee: Club              |   120 |     3 |       ||   123
       Punch             |     1 |       |       ||     1
       Quarterstaff      |       |    40 |   226 ||   266
 Cast: Sandblast         |    14 |    19 |     5 ||    38
       Stone Arrow       |     5 |     9 |    19 ||    33
 Stab: Sleeping          |     5 |     2 |       ||     7
       Paralysed         |       |       |     1 ||     1
Armor: Robe              |    50 |    25 |     1 ||    76
       Ring mail         |       |       |   191 ||   191
Dodge: Dodged            |   110 |    26 |   171 ||   307
